 Dungeon Crawl Stone Soup version 0.31-a0-1059-g83d41fd8b6 (webtiles) character file.

Game seed: 1813184847234868639

4223 Avanven the Fighter (level 10, -4/80 HPs)
             Began as a Djinni Fire Elementalist on Nov 21, 2023.
             Was a Follower of Makhleb.
             Engulfed by a cloud of flame (8 damage)
             ... on level 8 of the Dungeon.
             The game lasted 00:26:03 (6833 turns).

Avanven the Fighter (Djinni Fire Elementalist)      Turns: 6833, Time: 00:26:04

Health: -4/80      AC:  5    Str:  5    XL:     10   Next: 55%
Gold:   440        EV: 12    Int: 24    God:    Makhleb [*.....] SH:  0 Dex: 17

rFire   + + .        v - +4 quarterstaff (chaos)
rCold   x . .        (shield currently unavailable)
rNeg    . . .        a - +0 robe
rPois   ∞            (no helmet)
rElec   .            k - +1 cloak
rCorr   .            f - +0 pair of gloves
SInv    .            (boots unavailable)
Will    +....        (no amulet)
Stlth   ++           (no ring)
HPRegen 0.33/turn    (no ring)
MPRegen 0.00/turn

%: infuse magic (-5 HP)
@: flying
A: sickness immunity, fire resistance 2, cold vulnerability 1, float, innate
caster, HP casting, extra vitality 1, agile 1, clever 1, wild magic 1,
MP-powered wands
a: Renounce Religion


You were on level 8 of the Dungeon.
You worshipped Makhleb.
Makhleb was aware of your devotion.
You visited 2 branches of the dungeon, and saw 9 of its levels.

You collected 440 gold pieces.

Inventory:

Hand Weapons
 v - a +4 quarterstaff of chaos (weapon)
Missiles
 x - a throwing net
Armour
 a - a +0 robe (worn)
 f - a +0 pair of gloves (worn)
 k - a +1 cloak (worn)
Jewellery
 c - an amulet of reflection
Wands
 i - a wand of flame (30)
 q - a wand of charming (20)
 z - a wand of quicksilver (18)
Scrolls
 b - a scroll of enchant weapon
 d - 4 scrolls of teleportation
 e - a scroll of fear
 l - 4 scrolls of enchant armour
 t - a scroll of poison
Potions
 g - a potion of magic
 h - a potion of haste
 j - 5 potions of curing
 m - 2 potions of mutation
 o - a potion of heal wounds
 p - 2 potions of attraction
 r - 3 potions of lignification
 s - 2 potions of brilliance
 u - 2 potions of berserk rage
 w - a potion of degeneration {unknown}
 B - a potion of enlightenment {unknown}


   Skills:
 + Level 9.8 Fighting
 - Level 2.1 Dodging
 - Level 1.5 Stealth
 * Level 8.7 Spellcasting
 * Level 8.7 Conjurations
 * Level 8.7 Hexes
   Level 0.0 Charms
 * Level 8.7 Summonings
 * Level 8.7 Necromancy
 * Level 8.7 Translocations
 * Level 8.7 Transmutations
 * Level 8.7 Fire Magic
 * Level 8.7 Ice Magic
 * Level 8.7 Air Magic
 * Level 8.7 Earth Magic
 * Level 8.7 Poison Magic


You knew the following spells:

 Your Spells              Type           Power      Damage    Failure   Level
a - Foxfire               Conj/Fire      100%       2x1d9     1%          1
b - Scorch                Fire           100%       2d9       1%          2
c - Volatile Blastmotes   Fire/Tloc      100%       2d18      1%          3
d - Inner Flame           Hex/Fire       62%        N/A       1%          3
e - Flame Wave            Conj/Fire      62%        2d14      3%          4
f - Apportation           Tloc           100%       N/A       1%          1
g - Ensorcelled Hibernat  Hex/Ice        100%       N/A       1%          2
h - Teleport Other        Tloc           62%        N/A       1%          3
i - Ignite Poison         Fire/Tmut/Pois 62%        N/A       1%          3
Your spell library was empty.

Dungeon Overview and Level Annotations

Branches:
Dungeon (8/15)             Temple (1/1) D:5
   Lair: D:8-11

Altars:
Cheibriados
Dithmenos
Elyvilon
Fedhas
Gozag
Hepliaklqana
Makhleb
Nemelex Xobeh
Trog
Uskayaw
Wu Jian
Xom
Yredelemnul
The Shining One

Shops:
D:4 (   D:5 [

Annotations:
Temple 2 transporters


Innate Abilities, Weirdness & Mutations

You are immune to sickness and miasma.
You are immune to poison.
Your flesh is very heat resistant. (rF++)
You are vulnerable to cold. (rC-)
You float through the air rather than walking.
You learn spells naturally, not from books.
Your magical power is your life essence.
You have superior vitality. (+4 MHP)
You are agile. (Dex +4, Str/Int -1)
Your mind is acute. (Int +4, Str/Dex -1)
Your spells are a little harder to cast, but a little more powerful.
You expend health (3 HP) to strengthen your wands.


Message History

You conjure some foxfire!
The wolf closely misses you. The orc hits you with a +3 flail.
The wolf barely misses you.
Unknown command.
The foxfire hits the wolf but does no damage.
The wolf is moderately wounded.
The foxfire hits the wolf but does no damage.
The wolf is moderately wounded.
The wolf bites you but does no damage. The orc closely misses you.
Casting: Foxfire (safe; 1% risk of failure)
Confirm with . or Enter, or press ? or * to list all spells.
You conjure some foxfire!
The wolf is no longer more vulnerable to fire.
The wolf bites you! The orc hits you with a +3 flail.
An ice beast comes into view.
The wolf bites you.
* * * LOW HITPOINT WARNING * * *
Casting: Foxfire (safe; 1% risk of failure)
Confirm with . or Enter, or press ? or * to list all spells.
Flames lash the wolf.
Flame seeps out of the wolf.
The wolf is severely wounded.
The wolf's fire resistance burns away.
* * * LOW HITPOINT WARNING * * *
The orc is no longer more vulnerable to fire.
The foxfire hits the wolf!
The wolf is burned terribly!
Makhleb accepts your kill.
The wolf explodes!
The fiery explosion engulfs you! You resist.
* * * LOW HITPOINT WARNING * * *
The fiery explosion engulfs the orc!!!
You kill the orc!
Makhleb accepts your kill.
The fiery explosion engulfs your foxfire.
Your foxfire completely resists.
The foxfire hits the orc wizard but does no damage.
The orc wizard points at you and mumbles some strange words.
The magic dart hits you.
* * * LOW HITPOINT WARNING * * *
You hear a shout!
You are engulfed in blazing flames.
You resist.
You die...

###.. .. ....## ... #<..
.# .....## ... ...# ..#
.....[###.### ##..##..##
.....###....###........#
.......##.............
...#...##...........#
#..#......>...§§§...###
#..#.#.##......○@§>...#
#....#.##....)§§§§..###
...........)##......#
............).o.......#
.............#..........
.....#.......#..........
.....#.....#)...........
#..###..####.##....$....
#..# ##.# ..#........


You could see an orc wizard.

Vanquished Creatures
  Pikel (D:7)
  Grinder (D:5)
  Prince Ribbit (D:7)
  A wyvern (D:8)
  2 water moccasins
  3 ice beasts (D:6)
  A black bear (D:5)
  A wolf (D:8)
  2 centaurs
  2 ogres (D:7)
  2 phantoms
  3 lemures (D:7)
  A kobold brigand (D:7)
  5 bullfrogs
  2 scorpions
  12 wights
  4 jellies
  4 hounds
  A gnoll bouda (D:4)
  3 orc priests
  Crazy Yiuf (D:3)
  6 iguanas
  10 orc wizards
  5 adders
  4 gnolls
  2 white imps (D:6)
  2 ufetubi (D:7)
  2 worms
  A dart slug (D:4)
  36 orcs
  4 bats
  3 endoplasms
  2 giant cockroaches
  5 goblins
  7 hobgoblins
  12 jackals
  2 kobolds
  2 quokkas
  3 training dummies (D:4)
  13 ball pythons
  5 frilled lizards
  A rat zombie (D:6)
180 creatures vanquished.

Vanquished Creatures (collateral kills)
  A foxfire (D:3)
1 creature vanquished.

Vanquished Creatures (others)
  599 foxfires
599 creatures vanquished.

Grand Total: 780 creatures vanquished

Notes
Turn   | Place    | Note
-------+----------+-------------------------------------------
     0 | D:1      | Avanven the Djinni Fire Elementalist began the quest for
                  | the Orb.
     0 | D:1      | Avanven set off with the following spells memorised:
                  | Foxfire, Scorch, Volatile Blastmotes, Inner Flame, Flame
                  | Wave.
     0 | D:1      | Reached XP level 1. HP: 15/15 MP: 0/0
   149 | D:1      | Reached skill level 1 in Fighting
   149 | D:1      | Reached XP level 2. HP: 18/22 MP: 0/0
   255 | D:1      | Reached XP level 3. HP: 26/27 MP: 0/0
   255 | D:1      | Learned a level 1 spell: Apportation
   304 | D:1      | Found a faded altar of an unknown god.
   987 | D:2      | Reached skill level 2 in Fighting
  1053 | D:2      | Reached XP level 4. HP: 31/33 MP: 0/0
  1899 | D:3      | Reached XP level 5. HP: 33/40 MP: 0/0
  1899 | D:3      | Learned a level 2 spell: Ensorcelled Hibernation
  1905 | D:3      | Reached skill level 3 in Fighting
  2179 | D:3      | Found a runed translucent door.
  2180 | D:3      | Noticed Crazy Yiuf
  2443 | D:3      | Killed Crazy Yiuf
  2692 | D:4      | Reached XP level 6. HP: 46/47 MP: 0/0
  2757 | D:4      | Reached skill level 4 in Fighting
  2953 | D:4      | Reached XP level 7. HP: 24/53 MP: 0/0
  2953 | D:4      | Learned a level 3 spell: Teleport Other
  3101 | D:4      | Found Furis's Firing Range.
  3711 | D:5      | Entered Level 5 of the Dungeon
  3711 | D:5      | Found Jalecwof's Antique Armour Shop.
  3817 | D:5      | You are sucked into a shaft and drop 3 floors!
  3926 | D:7      | Reached skill level 5 in Fighting
  3926 | D:7      | Reached skill level 5 in Spellcasting
  3926 | D:7      | Reached skill level 5 in Conjurations
  3926 | D:7      | Reached skill level 5 in Hexes
  3926 | D:7      | Reached skill level 5 in Summonings
  3926 | D:7      | Reached skill level 5 in Necromancy
  3926 | D:7      | Reached skill level 5 in Translocations
  3926 | D:7      | Reached skill level 5 in Transmutations
  3926 | D:7      | Reached skill level 5 in Fire Magic
  3926 | D:7      | Reached skill level 5 in Ice Magic
  3926 | D:7      | Reached skill level 5 in Air Magic
  3926 | D:7      | Reached skill level 5 in Earth Magic
  3926 | D:7      | Reached skill level 5 in Poison Magic
  3953 | D:7      | Reached XP level 8. HP: 54/61 MP: 0/0
  3990 | D:7      | Reached skill level 6 in Fighting
  4246 | D:7      | Noticed Prince Ribbit
  4306 | D:5      | Found a staircase to the Ecumenical Temple.
  4316 | Temple   | Found a transporter.
  4316 | Temple   | Found a transporter.
  4316 | Temple   | Found a transporter.
  4316 | Temple   | Found a transporter.
  4316 | Temple   | Entered the Ecumenical Temple
  4338 | Temple   | Became a worshipper of Makhleb the Destroyer
  4420 | D:5      | Noticed Grinder
  4444 | D:5      | Killed Grinder
  4445 | D:5      | Reached skill level 7 in Fighting
  4545 | D:5      | Reached XP level 9. HP: 63/68 MP: 0/0
  4545 | D:5      | Learned a level 3 spell: Ignite Poison
  4880 | D:6      | Reached skill level 8 in Fighting
  5540 | D:6      | Found an ornate altar of the Wu Jian Council.
  5542 | D:6      | Found a white marble altar of Elyvilon.
  6024 | D:7      | Killed Prince Ribbit
  6025 | D:7      | Reached skill level 9 in Fighting
  6027 | D:7      | Reached XP level 10. HP: 78/78 MP: 0/0
  6032 | D:7      | Reached * piety under Makhleb
  6150 | D:7      | Noticed Pikel
  6161 | D:7      | Killed Pikel
  6721 | D:7      | Gained mutation: Your mind is acute. (Int +4, Str/Dex -1)
                  | [potion of mutation]
  6721 | D:7      | Gained mutation: You expend health (3 HP) to strengthen
                  | your wands. [potion of mutation]
  6721 | D:7      | Gained mutation: You are agile. (Dex +4, Str/Int -1)
                  | [potion of mutation]
  6721 | D:7      | Gained mutation: Your spells are a little harder to cast,
                  | but a little more powerful. [potion of mutation]
  6832 | D:8      | HP: 4/80 [orc wizard/magic dart (2)]
  6833 | D:8      | Engulfed by a cloud of flame

Illustrated notes

Levels and vault maps discovered:
D:1:      amcnicky_arrival_underground_garden, layout_rooms,
          chequers_ecumenical_altar_simple
D:2:      mumra_celtic_spiral_tile, layout_basic
D:3:      layout_basic, serial_bayou_pond_c, kennysheep_decorative_pillar,
          uniq_crazy_yiuf_cottage
D:4:      layout_cave_pods, kennysheep_doodads, nicolae_shop_firing_range
D:5:      layout_basic, minmay_temple_entry_tees, serial_shops, shop,
          kennysheep_flooded_box, uniq_grinder
D:6:      layout_rooms, chequers_temple_overflow_statue_of_worship,
          enter_ossuary_3, grunt_decor_junction
D:7:      layout_gridville, minmay_fractal_squares_gapless_5,
          uniq_prince_ribbit1, uniq_pikel
D:8:      layout_cave_pools, kennysheep_mini_moat,
          nicolae_overflow_crystal_walls, zin_treasury,
          lemuel_coloured_pillars_altar, hellmonk_lair_entry_icy
Temple:   hellmonk_temple_divided_pantheon

Skill      XL: |  1  2  3  4  5  6  7  8  9 10 |
---------------+-------------------------------+-----
Spellcasting   | 4 5 6 7 8 |  8.7
Conjurations   | 4 5 6 7 8 |  8.7
Hexes          | 4 5 6 7 8 |  8.7
Summonings     | 4 5 6 7 8 |  8.7
Necromancy     | 4 5 6 7 8 |  8.7
Translocations | 4 5 6 7 8 |  8.7
Transmutations | 4 5 6 7 8 |  8.7
Fire Magic     | 4 5 6 7 8 |  8.7
Ice Magic      | 4 5 6 7 8 |  8.7
Air Magic      | 4 5 6 7 8 |  8.7
Earth Magic    | 4 5 6 7 8 |  8.7
Poison Magic   | 4 5 6 7 8 |  8.7
Fighting       | 1 2 3 4 5 7 9 |  9.8
Dodging        | |  2.1
Stealth        | |  1.5

Action                     |  1- 3 |  4- 6 |  7- 9 | 10-12 || total
---------------------------+-------+-------+-------+-------++-------
  Melee: Unarmed           |     1 |       |       |       ||     1
   Cast: Foxfire           |    47 |   100 |   145 |    56 ||   348
         Scorch            |     6 |    17 |    20 |    15 ||    58
         Volatile Blastmot |     1 |     2 |       |       ||     3
         Inner Flame       |       |     1 |     9 |     5 ||    15
         Flame Wave        |       |       |     7 |     1 ||     8
         Ignite Poison     |       |       |     1 |       ||     1
    Use: Scroll            |       |       |    16 |     1 ||    17
         Potion            |       |       |     2 |     1 ||     3
 Armour: Robe              |     4 |     6 |    30 |    19 ||    59
  Dodge: Dodged            |     5 |     2 |    10 |    14 ||    31

Table legend: (Time is in decaauts)
 A = Elapsed time spent in this place.
 B = Non-inter-level travel time spent in this place.
 C = Inter-level travel time spent in this place.
 D = Time resting spent in this place.
 E = Time spent auto-exploring this place.
 F = Levels seen in this place.
 G = Mean time per level.
                   A        B        C        D        E       F      G
               +--------+--------+--------+--------+--------+-----+--------+
         Total |   6832 |   6624 |    208 |   1374 |   4094 |   9 |  759.1 |
       Dungeon |   6769 |   6561 |    208 |   1374 |   4094 |   8 |  846.1 |
        Temple |     62 |     62 |      0 |      0 |      0 |   1 |   62.0 |
               +--------+--------+--------+--------+--------+-----+--------+

Top non-repeatable levels by time:
     D:7: 1355 daAuts
     D:5: 1151 daAuts
     D:4: 1092 daAuts
     D:3: 1064 daAuts
     D:2: 917 daAuts
     D:1: 634 daAuts
     D:6: 479 daAuts
     D:8: 74 daAuts
  Temple: 62 daAuts
